 Dungeon Crawl Stone Soup version 0.30-a0-1124-g6e8f0f562f (webtiles) character file.

Game seed: 6328678470147441331

97 dolemite99 the Shooter (level 4, -2/55 HPs)
             Began as a Minotaur Hunter on Apr 23, 2023.
             Slain by an orc
             ... wielding a +0 falchion
              (3 damage)
             ... on level 3 of the Dungeon.
             The game lasted 00:03:48 (2414 turns).

dolemite99 the Shooter (Minotaur Hunter)            Turns: 2414, Time: 00:03:49

Health: -2/55      AC: 22    Str: 15    XL:     4   Next: 42%
Magic:  3/3        EV:  2    Int:  6    God:
Gold:   37         SH:  0    Dex: 16    Spells: 3/3 levels left

rFire   . . .        a - +0 shortbow
rCold   . . .        (shield currently unavailable)
rNeg    . . .        c - melded +0 leather armour
rPois   +            (helmet currently unavailable)
rElec   .            (cloak currently unavailable)
rCorr   .            (gloves currently unavailable)
SInv    .            (boots currently unavailable)
Will    .....        (no amulet)
Stlth   ++           (no ring)
HPRegen 0.29/turn    (no ring)
MPRegen 0.08/turn

%: no passive effects
@: tree-form, hasted, invisible, very quick
A: stationary, stasis, torment immunity, boosted hp, (horns 2), (retaliatory
headbutt)
a: no special abilities


You were on level 3 of the Dungeon.
You were a tree.
You visited 1 branch of the dungeon, and saw 3 of its levels.

You collected 103 gold pieces.
You spent 66 gold pieces at shops.

Inventory:

Hand Weapons
 a - a +0 shortbow (weapon)
 d - the +1 falchion "Hicideute" {chaos, Will+++ Stlth+}
   (You found it on level 2 of the Dungeon)

   Will:      It greatly increases your willpower.
   Stlth:     It makes you more stealthy.
Armour
 c - a +0 leather armour (melded)
 e - a +0 kite shield
Scrolls
 b - 2 scrolls of immolation
 i - a scroll of noise
 j - 2 scrolls of teleportation
 k - a scroll of identify {@r1}


   Skills:
 - Level 2.4 Fighting
 + Level 6.5 Ranged Weapons
 - Level 2.1 Dodging
 - Level 0.7 Stealth


You had 3 spell levels left.
You didn't know any spells.
Your spell library contained the following spells:

 Spells                   Type           Power      Damage    Failure   Level
 Volatile Blastmotes      Fire/Tloc      0%         2d10      83%         3
 Fulminant Prism          Conj/Hex       0%         3d5       99%         4
 Iskenderun's Mystic Bla  Conj/Tloc      0%         2d3       99%         4
 Lee's Rapid Deconstruct  Erth           0%         3d4*      100%        5


Dungeon Overview and Level Annotations

Branches:
Dungeon (3/15)

Altars:
Wu Jian

Shops:
D:2 !


Innate Abilities, Weirdness & Mutations

You are a tree.
Your roots penetrate the ground, keeping you stationary.
You cannot be teleported.
You are immune to unholy pain and torment.
Your maximum health is greatly increased.
Your equipment is partially melded.
((You have a pair of horns on your head.))
((You reflexively headbutt those who attack you in melee.))


Message History

You cannot move.
You cannot move.
You cannot move.
You are too injured to fight recklessly!
You are too injured to fight recklessly!
You are too injured to fight recklessly!
You are too injured to fight recklessly!
You are too injured to fight recklessly!
Fire: a) +0 shortbow
Press: ? - help, Q - select action Shift-Dir - straight line You shoot an arrow.
Fire: a) +0 shortbow
Press: ? - help, Q - select action Shift-Dir - straight line You shoot an arrow.
The orc hits you but does no damage.
You hear some strange, mumbled words.
A magic dart appears from out of thin air!
The magic dart hits you!
* * * LOW HITPOINT WARNING * * *
Fire: a) +0 shortbow
Press: ? - help, Q - select action Shift-Dir - straight line You shoot an arrow.
You hear some strange, mumbled words.
A magic dart appears from out of thin air!
The magic dart hits you.
* * * LOW HITPOINT WARNING * * *
The orc hits you with a +0 falchion.
* * * LOW HITPOINT WARNING * * *
It was a potion of invisibility.
You fade into invisibility!
As you read the scroll labelled XAIP IHERCHA, it crumbles to dust.
You hear a loud clanging noise!
It was a scroll of noise.
You hear a shout! x2
The orc hits you but does no damage. Something hits you.
* * * LOW HITPOINT WARNING * * *
As you read the scroll labelled SEIKUI DIKHLE, it crumbles to dust.
You feel aware of your surroundings.
It was a scroll of magic mapping.
Something hits you but does no damage. The orc hits you with a +0 falchion.
You die...

#...........^..###......##.#,#
#..........................#.###*
#...........#########...####....,
#.......................#.......*
#####'###'#.######.......<......*
#.# #.#.##########.........., #.#
#.#.##...#######........*
#.###>...+..[o.....#<.......,
##.......##..♣#####......o...*
#.........'..{'.......o......,
#.........#...#######.......#*
#.........#...# #####.###
#...†.....#...# ********.#
#.........#...# *,,,,,**,#
#.........#...# *,,,,,**,**
#.........#...# *,,,,,**,,***
#.......####### *,,,,,,,,,,,*


You could see an orc (unable to see you).

Vanquished Creatures
  An orc priest (D:3)
  2 adders (D:2)
  A worm (D:2)
  2 dart slugs
  6 ball pythons (D:1)
  2 endoplasms (D:1)
  A giant cockroach (D:1)
  6 goblins (D:1)
  A hobgoblin (D:2)
  A jackal (D:2)
  2 quokkas (D:1)
  5 bats
  A frilled lizard (D:1)
  6 kobolds
  5 rats
42 creatures vanquished.

Vanquished Creatures (others)
  6 plants (D:2)
6 creatures vanquished.

Grand Total: 48 creatures vanquished

Notes
Turn   | Place    | Note
-------+----------+-------------------------------------------
     0 | D:1      | dolemite99 the Minotaur Hunter began the quest for the Orb.
     0 | D:1      | Reached XP level 1. HP: 18/18 MP: 0/0
   107 | D:1      | Reached XP level 2. HP: 25/25 MP: 1/1
   131 | D:1      | Reached skill level 5 in Ranged Weapons
   483 | D:1      | Reached XP level 3. HP: 30/30 MP: 2/2
  1422 | D:2      | Identified the +1 falchion "Hicideute" {chaos, Will+++
                  | Stlth+}
  1531 | D:2      | Found an ornate altar of the Wu Jian Council.
  1534 | D:2      | Found Puuc's Distillery.
  1542 | D:2      | Bought a potion of curing for 33 gold pieces
  1542 | D:2      | Bought a potion of lignification for 33 gold pieces
  1905 | D:2      | Reached skill level 6 in Ranged Weapons
  2409 | D:3      | Reached XP level 4. HP: 18/37 MP: 3/3
  2413 | D:3      | HP: 1/55 [something (3)]
  2414 | D:3      | Slain by an orc

Illustrated notes

Levels and vault maps discovered:
D:1:      lightli_arrival_boilingwater, layout_basic, minmay_bisected
D:2:      minmay_skewed_foursquare, layout_basic, serial_forest,
          infiniplex_forest_lined_3, infiniplex_forest_clump_long,
          infiniplex_forest_straight_2, infiniplex_forest_lined_room_2,
          infiniplex_forest_end_2, infiniplex_forest_lined_2,
          infiniplex_forest_straight_3, basic_altar, serial_shops, shop,
          chequers_serial_rivers_micro_b, serial_bayou_ford_a
D:3:      layout_basic

Skill      XL: |  1  2  3 |
---------------+----------+-----
Ranged Weapons | 5 6 |  6.5
Fighting       | |  2.4
Dodging        | |  2.1
Stealth        | |  0.7

Action                     |  1- 3 |  4- 6 || total
---------------------------+-------+-------++-------
   Fire: Shortbow          |   103 |     3 ||   106
    Use: Potion            |     4 |     1 ||     5
         Scroll            |     3 |     2 ||     5
 Armour: Leather armour    |    18 |       ||    18
         Skin              |     7 |     3 ||    10
  Dodge: Dodged            |    40 |       ||    40

Table legend: (Time is in decaauts)
 A = Elapsed time spent in this place.
 B = Non-inter-level travel time spent in this place.
 C = Inter-level travel time spent in this place.
 D = Time resting spent in this place.
 E = Time spent auto-exploring this place.
 F = Levels seen in this place.
 G = Mean time per level.
                   A        B        C        D        E       F      G
               +--------+--------+--------+--------+--------+-----+--------+
         Total |   2443 |   2437 |      6 |    878 |   1155 |   3 |  814.3 |
       Dungeon |   2443 |   2437 |      6 |    878 |   1155 |   3 |  814.3 |
               +--------+--------+--------+--------+--------+-----+--------+

Top non-repeatable levels by time:
     D:2: 1421 daAuts
     D:1: 905 daAuts
     D:3: 116 daAuts
